 Dungeon Crawl Stone Soup version 0.14-a0-2327-g5ff15cf (webtiles) character file.

188605 Honkfish the Imperceptible (level 19, -11/117 HPs)
             Began as a Kobold Assassin on Jan 29, 2014.
             Was a High Priest of Dithmengos.
             Killed from afar by a greater naga (29 damage)
             ... with a poison arrow
             ... on Level 5 of the Snake Pit.
             The game lasted 04:02:52 (60951 turns).

Honkfish the Imperceptible (Kobold Assassin)       Turns: 60951, Time: 04:02:53

HP -11/117       AC 17     Str 15      XL: 19   Next: 17%
MP  20/20        EV 20     Int  5      God: Dithmengos [*****.]
Gold 2439        SH 26     Dex 30      Spells:  0 memorised, 18 levels left

rFire  + . .     SeeInvis .     x - +7 short sword of Growth {elec, Int+1 Stlth+}
rCold  . . .     Clarity  .     J - +5 steam dragon armour
rNeg   . . .     Conserve .     k - +2 dwarf buckler
rPois  +         rCorr    .     q - +0 helmet
rElec  .         rRot     .     K - +0 cloak of the Queen {Dex+3 Int-5 Dam+4}
SustAb . .       Spirit   .     B - +1 pair of gloves
rMut   .         Warding  .     d - +2 pair of dwarf boots {Fly}
Saprov + + .     Stasis   +     t - amulet of stasis
MR     +....                    f - ring of poison resistance
                                h - ring of protection from fire

@: agile, flying, quite poisoned, wreathed by umbra, constricted, somewhat
resistant to hostile enchantments, uncannily stealthy
A: disease resistance, thin skeletal structure 1, carnivore 3, saprovore 2
a: Shadow Step, Shadow Form, Renounce Religion, Stop Flying


You were on level 5 of the Snake Pit.
You worshipped Dithmengos.
Dithmengos was extremely pleased with you.
You were full.

You visited 6 branches of the dungeon, and saw 35 of its levels.
You visited the Abyss 1 time.
You also visited: Ice Cave.

You collected 4094 gold pieces.
You spent 1655 gold pieces at shops.

Inventory:

Hand weapons
 m - a +3 elven blowgun
 p - a +0,+3 orcish vampiric dagger
 x - the +7,+7 short sword of Growth (weapon) {elec, Int+1 Stlth+}
   (You found it on level 6 of the Dungeon)

   Occasionally, upon striking a foe, it will discharge some electrical energy
   and cause terrible harm.
   It affects your intelligence (+1).
   It makes you much more stealthy.
 V - the +8,+4 long sword "Sil Etwa" {freeze, *Rage rElec MR+ Dex+2}
   (You found it on level 1 of the Abyss)

   It has been specially enchanted to freeze those struck by it, causing extra
   injury to most foes and up to double damage against particularly susceptible
   opponents.
   It can also slow down cold-blooded creatures.
   It affects your dexterity (+2).
   It insulates you from electricity.
   It affects your resistance to hostile enchantments.
   It may make you go berserk in combat.
Missiles
 e - 84 poisoned needles
 w - 9 curare-tipped needles
 H - a needle of slowing
Armour
 d - a +2 pair of dwarven boots of flying (worn)
 k - a +2 dwarven buckler (worn)
 q - a +0 helmet (worn)
 B - a +1 pair of gloves (worn)
 J - a +5 steam dragon armour (worn)
 K - the +0 cloak of the Queen (worn) {Dex+3 Int-5 Dam+4}
   (You bought it in a shop on level 2 of the Snake Pit)

   It affects your intelligence (-5).
   It affects your dexterity (+3).
   It affects your damage with ranged weapons and melee attacks (+4).
 N - a +0 cloak of darkness
 O - the +15 Maxwell's patent armour {rCorr, Cons, -Cast -Tele MR+}
   (You acquired it on level 3 of the Snake Pit)

   It affects your resistance to hostile enchantments.
   It prevents spellcasting.
   It prevents most forms of teleportation.
Magical devices
 l - a wand of lightning (3)
 o - a wand of paralysis (6)
 L - a wand of invisibility (3)
 P - a wand of digging (19)
 R - a wand of cold (6)
 S - a wand of enslavement (10) {unknown}
 U - a wand of slowing (13)
Comestibles
 a - 2 royal jellies
 g - 12 meat rations
Scrolls
 c - a scroll of brand weapon
 i - a scroll of fear
 j - 9 scrolls of teleportation
 s - 2 scrolls of enchant weapon II
 u - 3 scrolls of enchant weapon I
 y - a scroll of silence
 A - 10 scrolls of remove curse
 C - 3 scrolls of blinking
 D - a scroll of magic mapping
 I - a scroll of vulnerability
 M - a scroll of amnesia
Jewellery
 b - an uncursed ring of see invisible
 f - a ring of poison resistance (right hand)
 h - a ring of protection from fire (left hand)
 n - an uncursed amulet of warding
 t - an amulet of stasis (around neck)
 v - an uncursed ring of positive energy
 E - an uncursed ring of teleport control
 F - an uncursed ring of protection from cold
 G - an uncursed amulet of resist mutation
Potions
 r - 3 potions of berserk rage
 z - a potion of lignification
 Q - 2 potions of speed


   Skills:
 - Level 12.5 Fighting
 - Level 19.1 Short Blades
 - Level 2.6 Throwing
 - Level 1.2 Dodging
 * Level 24.0 Stealth
 - Level 15.6 Shields
 - Level 1.1 Evocations


You had 18 spell levels left.
You didn't know any spells.

Dungeon Overview and Level Annotations

Branches:
Dungeon (16/16)            Temple (1/1) D:7             Orc (4/4) D:9
    Elf (0/3) Orc:3          Lair (8/8) D:11         Shoals (0/5) Lair:5
  Snake (5/5) Lair:3        Slime (0/6) Lair:6       Vaults (0/5) D:14
 Depths (1/6) D:16

Altars:
Ashenzari
Cheibriados
Dithmengos
Elyvilon
Fedhas
Kikubaaqudgha
Makhleb
Nemelex Xobeh
Okawaru
Sif Muna
Trog
Vehumet
Xom
Yredelemnul
Zin
The Shining One
Beogh

Shops:
D:15 ?   Orc:4 ***=   Snake:2 [

Portals:
Hell: Depths:1

Annotations:
D:2 exclusion: 3 gnolls
D:4 exclusion: worker ant
D:6 exclusion: 2 wights
D:9 exclusion: door
D:13 exclusions: brain worm and hydra
D:16 exclusion: 2 doors
Lair:2 exclusion: 2 vampire mosquitoes
Lair:3 exclusion: hydra
Lair:4 exclusions: feature mimic and hydra, acidapple's ghost, powerful DECj
Lair:5 exclusion: downstairs
Lair:6 exclusions: hydra and 2 oklob plants


Innate Abilities, Weirdness & Mutations

You recuperate from illness quickly.
You are small and have problems with some larger weapons.
You are carnivorous and can eat meat at any time.
You can eat rotten meat.
You have a somewhat thin skeletal structure (Dex +2, Stlth).


Message History

You puncture the greater naga!
There is a sudden explosion of sparks!
The greater naga is moderately wounded.
You hit the greater naga.
The greater naga is moderately wounded.
The greater naga hits you with a war axe!
* * * LOW HITPOINT WARNING * * *
The greater naga grabs you.
* * * LOW HITPOINT WARNING * * *
The greater naga constricts you.
Drink which item? (? for menu, Esc to quit)
You cannot go berserk while under stasis.
Drink which item? (? for menu, Esc to quit)
You feel agile all of a sudden.
You puncture the greater naga!
The greater naga is heavily wounded.
The greater naga casts a spell at you. The poison arrow hits you!
You are poisoned.
You partially resist.
You die...

...##...........##..............%
....#..(..⌠.....#...........#.#.#
....##.........##................
.....###...).###.................
.......##..)####................#
.......#....).)##...............'
#......##..)..).##..............#
#.......####)))..##.............#
#..........###).@.#.............#
#....########..)N)#.............#
#..###..........)##.............#
#.##...........###.............)#
#.#....#########..........).....#
..#...........##.................
..##...........#.................
...#######)....##................
................).)..............


You could see a greater naga.

Vanquished Creatures
  Saint Roka (Snake:4)
  Nikola (Snake:4)
  2 fire giants
  Maud (Lair:5)
  6 greater nagas (Snake:5)
  2 stone giants
  A vampire knight (Depths:1)
  A dire elephant (Lair:8)
  2 fire dragons
  A great orb of eyes (D:14)
  Harold (D:16)
  A hydra (Depths:1)
  Erica (D:15)
  The ghost of lorenz the Hoplite, a powerful OpWz of Vehumet (IceCv)
  19 anacondas
  A vampire mage (Depths:1)
  5 ogre magi
  A deep troll shaman (Lair:8)
  7 death yaks
  A deep troll earth mage (Depths:1)
  9 naga warriors
  2 very ugly things (Depths:1)
  3 centaur warriors
  A fire crab (Lair:8)
  Nergalle (D:14)
  A catoblepas (Lair:8)
  2 deep trolls (Orc:4)
  17 naga sharpshooters
  11 shock serpents
  An unseen horror (D:9)
  A sea snake (shapeshifter) (Depths:1)
  A necromancer (Depths:1)
  Pikel (D:9)
  9 hill giants
  2 phantasmal warriors (Abyss:1)
  2 orc knights
  2 griffons (D:14)
  An orc sorcerer (Orc:3)
  9 naga ritualists
  A spiny worm (Lair:7)
  5 mana vipers
  A red wasp (D:14)
  9 cyclopes
  12 guardian serpents
  31 elephants
  33 black mambas
  4 salamander mystics
  A spiny frog (shapeshifter) (Depths:1)
  An orange demon (Abyss:1)
  A queen ant (Lair:7)
  12 spiny frogs
  A feature mimic (Snake:2)
  11 salamanders
  A centaur zombie (D:13)
  3 fire drakes
  18 yaktaurs
  An elf (shapeshifter) (Depths:1)
  17 naga magi
  A hydra zombie (D:14)
  A baby alligator (shapeshifter) (D:15)
  A centaur skeleton (D:11)
  9 trolls
  Sonja (D:16)
  7 komodo dragons
  A polar bear (shapeshifter) (Depths:1)
  7 blink frogs (Lair:3)
  A deep troll zombie (Depths:1)
  A raven (shapeshifter) (D:11)
  9 two-headed ogres
  A boulder beetle (D:14)
  2 formicids (Lair:6)
  3 grizzly bears
  4 wraiths
  5 slime creatures
  46 ugly things
  5 basilisks
  3 wyverns
  60 yaks
  An elephant slug (Lair:5)
  Eustachio (D:6)
  2 deep elf fighters
  2 shadows
  7 vampire mosquitoes
  11 wolves
  3 hungry ghosts
  2 steam dragons
  5 manticores
  A hill giant skeleton (D:13)
  A mottled dragon (D:13)
  15 hippogriffs
  11 porcupines
  8 soldier ants
  2 necrophages
  29 orc warriors
  2 black bears
  60 nagas
  A phantom (D:4)
  2 sky beasts
  2 lava worms (Lair:1)
  A yellow wasp (D:13)
  17 centaurs
  43 ogres
  19 ice beasts
  13 crocodiles
  A boring beetle (Lair:4)
  Sigmund (D:6)
  29 water moccasins
  A giant slug zombie (D:16)
  10 giant slugs
  22 giant frogs
  6 agate snails
  A warg (Orc:1)
  7 big kobolds
  An eye of draining (D:13)
  A hippogriff zombie (D:8)
  16 killer bees
  A troll skeleton (D:11)
  20 wights
  3 lava snakes (Lair:1)
  5 goliath beetles
  15 crimson imps
  30 orc priests
  10 jellies
  40 orc wizards
  8 hounds
  A giant frog skeleton (D:7)
  5 scorpions
  A water moccasin skeleton (D:8)
  10 iguanas
  39 worker ants
  26 sheep
  Ijyb (D:6)
  A hound zombie (D:9)
  A mottled dragon skeleton (D:10)
  A mummy (D:15)
  A hound skeleton (D:6)
  A worm zombie (D:5)
  36 adders
  5 giant centipedes
  4 gnolls
  50 green rats
  A steam dragon zombie (D:8)
  2 giant mites
  9 worms
  An adder skeleton (D:4)
  An iguana zombie (D:9)
  6 giant eyeballs
  An orc skeleton (D:9)
  6 oozes
  192 orcs
  2 ball pythons
  31 bats
  A bat zombie (D:5)
  6 giant cockroaches
  17 goblins
  20 hobgoblins
  39 jackals
  11 quokkas
  4 giant geckos
  7 giant newts
  A giant spore (D:14)
  42 kobolds
  3 orc zombies
  34 rats
  6 ballistomycetes
  A fungus (Lair:1)
  4 plants
1583 creatures vanquished.

Vanquished Creatures (others)
  A naga (Snake:5)
  3 slaves (D:9)
  4 orcs (D:9)
  2 giant spores
  8 fungi
  5 plants (Lair:8)
23 creatures vanquished.

Grand Total: 1606 creatures vanquished

Notes
Turn   | Place    | Note
--------------------------------------------------------------
     0 | D:1      | Honkfish, the Kobold Assassin, began the quest for the Orb.
     0 | D:1      | Reached XP level 1. HP: 12/12 MP: 1/1
   287 | D:1      | Reached XP level 2. HP: 17/17 MP: 2/2
   311 | D:1      | Reached skill level 6 in Stealth
  1229 | D:2      | Reached XP level 3. HP: 22/22 MP: 3/3
  1368 | D:2      | Reached skill level 7 in Stealth
  1552 | D:2      | Paralysed by a potion of paralysis for 4 turns
  1649 | D:2      | Reached XP level 4. HP: 22/27 MP: 4/4
  2118 | D:3      | Reached skill level 8 in Stealth
  2118 | D:3      | Reached XP level 5. HP: 24/31 MP: 5/5
  3164 | D:3      | Reached skill level 9 in Stealth
  3167 | D:3      | Reached XP level 6. HP: 36/36 MP: 2/6
  4320 | D:4      | Found a white marble altar of Elyvilon.
  4417 | D:4      | Reached skill level 10 in Stealth
  4469 | D:4      | Reached XP level 7. HP: 40/40 MP: 7/7
  4550 | D:5      | Entered Level 5 of the Dungeon
  4718 | D:5      | Reached skill level 11 in Stealth
  5408 | D:5      | Reached XP level 8. HP: 44/46 MP: 8/8
  5488 | D:5      | Found a snail-covered altar of Cheibriados.
  5488 | D:5      | Found a sparkling altar of Nemelex Xobeh.
  5601 | D:6      | Reached skill level 12 in Stealth
  5953 | D:6      | Noticed Ijyb
  5957 | D:6      | Killed Ijyb
  5967 | D:6      | Found a shattered altar of Ashenzari.
  5984 | D:6      | Noticed Eustachio
  6003 | D:6      | Killed Eustachio
  6104 | D:6      | Found a bloodstained altar of Trog.
  6130 | D:6      | Reached skill level 13 in Stealth
  6673 | D:6      | Got a polished short sword
  6939 | D:6      | Reached XP level 9. HP: 35/52 MP: 9/9
  7138 | D:4      | Reached skill level 5 in Short Blades
  7180 | D:4      | Reached skill level 14 in Stealth
  7307 | D:4      | Identified the +7,+7 short sword of Growth {elec, Int+1 Stlth+} (You found it on level 6 of the Dungeon)
  8102 | D:6      | Noticed Sigmund
  8105 | D:6      | Killed Sigmund
  8290 | D:6      | Reached skill level 15 in Stealth
  8490 | D:7      | Found a staircase to the Ecumenical Temple.
  8565 | Temple   | Entered the Ecumenical Temple
  8695 | Temple   | Became a worshipper of Dithmengos
  9912 | D:8      | Reached skill level 16 in Stealth
  9928 | D:8      | Reached skill level 1 in Evocations
  9981 | D:8      | Reached XP level 10. HP: 52/56 MP: 11/11
 11038 | D:8      | Reached skill level 17 in Stealth
 11668 | D:9      | Found a staircase to the Orcish Mines.
 11682 | D:9      | Noticed Pikel
 11686 | D:9      | Killed Pikel
 12136 | D:9      | Noticed a hill giant
 12141 | D:9      | Killed a hill giant
 12141 | D:9      | Reached skill level 5 in Fighting
 12141 | D:9      | Reached skill level 18 in Stealth
 12143 | D:9      | Got a faintly glowing robe
 12176 | D:9      | Identified the +1 robe "Thez" {rF+} (You found it on level 9 of the Dungeon)
 12216 | D:9      | Noticed a hill giant
 12528 | D:10     | Entered Level 10 of the Dungeon
 12678 | D:10     | Acquired Dithmengos' first power
 12950 | D:10     | Reached XP level 11. HP: 64/64 MP: 13/13
 13176 | D:10     | Gained mutation: You have a pair of small antennae on your head. [potion of mutation]
 13176 | D:10     | Gained mutation: Your body is slowly deteriorating. [potion of mutation]
 13634 | D:11     | Noticed a cyclops
 13808 | D:11     | Reached skill level 19 in Stealth
 14217 | D:11     | Acquired Dithmengos' second power
 14434 | D:11     | Found a staircase to the Lair.
 14444 | D:11     | Found a burning altar of Makhleb.
 14597 | D:11     | Noticed a cyclops
 14601 | D:11     | Killed a cyclops
 15560 | D:11     | Reached skill level 20 in Stealth
 15787 | D:12     | Reached skill level 1 in Shields
 15977 | D:12     | Acquired Dithmengos' third power
 16365 | D:12     | Noticed a hill giant
 16372 | D:12     | Killed a hill giant
 17183 | D:13     | Reached XP level 12. HP: 71/71 MP: 9/14
 17336 | D:13     | Found a sparkling altar of Nemelex Xobeh.
 17341 | D:13     | Reached skill level 10 in Short Blades
 17344 | D:13     | Noticed a cyclops
 18172 | D:13     | Noticed a hill giant
 18670 | D:13     | Noticed an eight-headed hydra
 18740 | D:13     | Killed a hill giant
 18914 | D:12     | Noticed a cyclops
 18919 | D:12     | Killed a cyclops
 18921 | D:12     | Reached skill level 5 in Shields
 19217 | Lair:1   | Entered Level 1 of the Lair of Beasts
 20704 | Lair:1   | Reached XP level 13. HP: 78/78 MP: 15/15
 24256 | Lair:3   | Found a staircase to the Snake Pit.
 25162 | Lair:4   | Noticed acidapple's ghost (powerful DECj)
 26195 | Lair:5   | Found a staircase to the Shoals.
 26737 | Lair:5   | Noticed Maud
 26742 | Lair:5   | Killed Maud
 26932 | Lair:5   | Reached XP level 14. HP: 58/86 MP: 16/16
 27836 | Lair:6   | Found a frozen archway.
 27974 | IceCv    | Entered an ice cave
 27988 | IceCv    | Noticed lorenz's ghost (powerful OpWz)
 28002 | IceCv    | Killed lorenz's ghost
 28871 | Lair:6   | Reached skill level 15 in Short Blades
 28996 | Lair:6   | Found a staircase to the Slime Pits.
 29955 | Lair:7   | Gained mutation: You are agile. (Dex +2) [potion of beneficial mutation]
 29969 | Lair:7   | Reached skill level 10 in Fighting
 30984 | Lair:7   | Acquired Dithmengos' fourth power
 31140 | Lair:8   | Entered Level 8 of the Lair of Beasts
 31346 | Lair:8   | Reached skill level 10 in Shields
 32281 | Lair:8   | Reached XP level 15. HP: 93/93 MP: 17/17
 35211 | D:13     | Noticed a fire dragon
 35213 | D:13     | Noticed an ogre mage
 35219 | D:13     | Killed an ogre mage
 35236 | D:13     | Killed a fire dragon
 35736 | D:13     | Got a crystal sling
 35738 | D:13     | Identified the +1,+10 sling "Frum" {frost, rC+ Int+3 Stlth+} (You took it off an orc on level 13 of the Dungeon)
 35798 | D:14     | Found a gate to the Vaults.
 36604 | D:14     | Noticed Nergalle
 36619 | D:14     | Killed Nergalle
 38816 | D:15     | Entered Level 15 of the Dungeon
 39221 | D:14     | Cast into the Abyss (ogre mage)
 39337 | Abyss:1  | Noticed a lich
 39423 | Abyss:1  | Noticed a deep elf sorcerer
 39591 | Abyss:1  | Noticed a frost giant
 39711 | Abyss:1  | Noticed a tentacled starspawn
 39762 | Abyss:1  | Reached XP level 16. HP: 76/101 MP: 18/18
 39882 | Abyss:1  | Got a faintly glowing long sword
 39947 | D:14     | Escaped the Abyss
 40854 | D:15     | Identified the +8,+4 long sword "Sil Etwa" {freeze, *Rage rElec MR+ Dex+2} (You found it on level 1 of the Abyss)
 41357 | D:15     | Noticed Erica
 41359 | D:15     | Killed Erica
 41454 | D:15     | Found Wuxa's Magic Scroll Shoppe.
 41462 | D:15     | Bought a scroll of identify for 22 gold pieces
 41739 | D:16     | Entered Level 16 of the Dungeon
 41776 | D:16     | Lost mutation: You have a pair of small antennae on your head. [potion of cure mutation]
 41776 | D:16     | Lost mutation: You are agile. (Dex +2) [potion of cure mutation]
 41776 | D:16     | Lost mutation: Your body is slowly deteriorating. [potion of cure mutation]
 41781 | D:16     | Noticed Sonja
 41784 | D:16     | Killed Sonja
 41976 | D:16     | Found a staircase to the Depths.
 42778 | D:16     | Noticed Harold
 42796 | D:16     | Killed Harold
 43808 | D:9      | Killed an unseen horror
 44154 | D:9      | Killed a hill giant
 44349 | Orc:1    | Entered Level 1 of the Orcish Mines
 44463 | Orc:1    | Found an iron altar of Okawaru.
 45304 | Orc:3    | Found a staircase to the Elven Halls.
 46739 | Orc:4    | Entered Level 4 of the Orcish Mines
 47341 | Orc:4    | Found a roughly hewn altar of Beogh.
 47746 | Orc:4    | Found Puboq's General Store.
 47747 | Orc:4    | Found Gettina's General Store.
 48079 | Orc:4    | Found Xaodgh's Jewellery Emporium.
 48079 | Orc:4    | Found Plunkusm's Assorted Antiques.
 48159 | Orc:4    | Bought a scroll of enchant armour for 93 gold pieces
 48167 | Orc:4    | Bought a scroll of identify for 26 gold pieces
 48183 | Orc:4    | Bought a potion of heal wounds for 63 gold pieces
 48183 | Orc:4    | Bought a scroll of identify for 42 gold pieces
 48495 | Orc:4    | Bought an uncursed amulet of resist mutation for 560 gold pieces
 48507 | Orc:4    | Bought a potion of beneficial mutation for 595 gold pieces
 48509 | Orc:4    | Gained mutation: You have a somewhat thin skeletal structure (Dex +2, Stlth). [potion of beneficial mutation]
 49494 | Depths:1 | Entered Level 1 of the Depths
 49539 | Depths:1 | Reached XP level 17. HP: 108/108 MP: 19/19
 49615 | Depths:1 | Found a blossoming altar of Fedhas.
 49618 | Depths:1 | Found a gateway to Hell.
 50187 | Depths:1 | Noticed a golden dragon
 50842 | Snake:1  | Entered Level 1 of the Snake Pit
 52017 | Snake:2  | Found Chalitoj's Armour Shoppe.
 52026 | Snake:2  | Bought the +0 cloak of the Queen {Dex+3 Int-5 Dam+4} for 127 gold pieces
 52030 | Snake:2  | Bought a +0 cloak of darkness for 127 gold pieces
 52849 | Snake:3  | Identified a scroll of acquirement
 53153 | Snake:3  | Reached skill level 15 in Shields
 54589 | Snake:3  | Reached XP level 18. HP: 104/112 MP: 20/20
 55141 | Snake:4  | Noticed Saint Roka
 55160 | Snake:4  | Killed Saint Roka
 56070 | Snake:4  | Reached skill level 21 in Stealth
 56266 | Snake:4  | Noticed Nikola
 56269 | Snake:4  | Killed Nikola
 57040 | Snake:5  | Entered Level 5 of the Snake Pit
 57275 | Snake:5  | Reached skill level 22 in Stealth
 58968 | Snake:5  | Reached skill level 23 in Stealth
 59704 | Snake:5  | Reached XP level 19. HP: 109/117 MP: 20/20
 60922 | Snake:5  | Reached skill level 24 in Stealth
 60951 | Snake:5  | Killed from afar by a greater naga

Action                   |  1- 3 |  4- 6 |  7- 9 | 10-12 | 13-15 | 16-18 | 19-21 || total
-------------------------+-------+-------+-------+-------+-------+-------+-------++-------
Melee: Dagger            |    94 |   140 |   282 |    66 |     1 |       |       ||   583
       Short sword       |       |       |    76 |   646 |  1402 |  1482 |    98 ||  3704
       Long sword        |       |       |       |       |       |     3 |     7 ||    10
 Fire: Blowgun           |     1 |    26 |    30 |    51 |    32 |    46 |    12 ||   198
Invok: Shadow Step       |       |       |       |    12 |    19 |    17 |       ||    48
       Shadow Form       |       |       |       |       |       |     9 |       ||     9
Evoke: Wand              |       |       |    12 |     9 |    59 |    10 |       ||    90
  Use: Scroll            |     5 |     8 |     8 |    11 |    25 |    17 |       ||    74
       Potion            |     5 |     2 |     7 |    15 |    18 |    12 |     1 ||    60
 Stab: Sleeping          |     8 |    18 |    39 |   113 |   160 |   250 |       ||   588
       Invisible         |       |     1 |     1 |       |       |    30 |       ||    32
       Distracted        |       |       |     2 |     4 |    21 |    21 |     1 ||    49
       Paralysed         |       |       |     2 |     2 |     3 |       |       ||     7
